 Dungeon Crawl Stone Soup version 0.31.0-9-g3a7656b989 (webtiles) character file.

Game seed: 2252665970460909460

44 qw the Shooter (level 3, 0/20 HPs)
             Began as a Deep Elf Hunter on Feb 2, 2024.
             Slain by a goblin
             ... wielding a +0 club
             ... led by Robin
              (2 damage)
             ... on level 2 of the Dungeon.
             The game lasted 00:00:03 (611 turns).

qw the Shooter (Deep Elf Hunter)                     Turns: 611, Time: 00:00:03

Health: 0/20       AC:  6    Str: 10    XL:     3   Next: 41%
Magic:  5/5        EV:  9    Int: 13    God:
Gold:   51         SH:  0    Dex: 18    Spells: 2/2 levels left

rFire   . . .        a - +0 shortbow
rCold   . . .        (shield currently unavailable)
rNeg    . . .        e - +0 scale mail
rPois   .            (no helmet)
rElec   .            (no cloak)
rCorr   .            (no gloves)
SInv    .            (no boots)
Will    .....        (no amulet)
Stlth   +            (no ring)
HPRegen 0.23/turn    (no ring)
MPRegen 0.09/turn

%: no passive effects
@: no status effects
A: no striking features
a: no special abilities


You were on level 2 of the Dungeon.
You visited 1 branch of the dungeon, and saw 2 of its levels.

You collected 51 gold pieces.


   Skills:
 - Level 1.5 Fighting
 + Level 7.0 Ranged Weapons
 - Level 2.4 Dodging
 - Level 1.2 Stealth


You had 2 spell levels left.
You didn't know any spells.
Your spell library was empty.

Inventory:

Hand Weapons
 a - a +0 shortbow (weapon)
Armour
 c - a scarf of harm
 e - a +0 scale mail (worn)
Scrolls
 b - a scroll of poison {unknown}
Potions
 f - a potion of mutation

Dungeon Overview and Level Annotations

Branches:
Dungeon (2/15)

Altars:

Shops:
D:1 *

Annotations:
D:2 Robin


Message History

The goblin closely misses you. x2; The goblin unwields a +0 sling.
The goblin wields a +0 club.
The goblin hits you but does no damage. The goblin barely misses you.
Robin throws the goblin at you! The goblin closely misses you.
You shoot an arrow. The arrow barely misses the goblin.
The goblin barely misses you.
The goblin hits you but does no damage. x2
The goblin closely misses you.
You shoot an arrow.
The arrow hits the goblin but does no damage.
The goblin is almost dead.
The goblin barely misses you. x2
Robin roars a battlecry!
The goblins go into a battle-frenzy!
The goblin hits you with a +0 club.
You shoot an arrow. The arrow barely misses the goblin.
The goblin hits you but does no damage. The goblin misses you.
The goblin hits you with a +0 club. The goblin hits you but does no damage.
The goblin hits you with a +0 club.
You shoot an arrow. The arrow closely misses the goblin.
The goblin closely misses you. x2; The goblin hits you but does no damage.
The goblin closely misses you.
You shoot an arrow. The arrow closely misses the goblin.
The goblin hits you with a +0 dagger. The goblin barely misses you. x2
The goblin hits you but does no damage. The goblin hits you with a +0 club.
You shoot an arrow. The arrow closely misses the goblin.
The goblin completely misses you. The goblin closely misses you.
Robin barely misses you. The goblin hits you with a +0 club.
You shoot an arrow. The arrow hits the goblin!
You kill the goblin!
The goblin hits you with a +0 club. x2; Robin hits you with a +0 dagger.
The goblin hits you but does no damage.
Your Ranged Weapons skill increases to level 7!
You shoot an arrow. The arrow hits Robin.
Robin is lightly wounded.
The goblin barely misses you. The goblin closely misses you.
The goblin misses you. Robin closely misses you.
You shoot an arrow. The arrow hits Robin.
Robin is moderately wounded.
The goblin hits you with a +0 club.
You die...

#.# #.# #.# .>#
#######.###
#.....#...
#####.###.#.#####..#
#.....#.....g@g..$.#
#....<#.#.#)g.#..#
##........#.#.#
#..#..##.#)#)#
#..#.......# .
#......#.##) .#
.......#.# )# #
...####.#.# . .)..
.#


You could see Robin and 2 goblins.

Vanquished Creatures
  3 bats (D:1)
  3 endoplasms (D:1)
  2 giant cockroaches (D:1)
  11 goblins
  3 hobgoblins
  4 quokkas (D:1)
  3 ball pythons (D:1)
  5 kobolds (D:1)
  2 rats
36 creatures vanquished.

Notes
Turn   | Place    | Note
-------+----------+-------------------------------------------
     0 | D:1      | qw the Deep Elf Hunter began the quest for the Orb.
     0 | D:1      | Reached XP level 1. HP: 12/12 MP: 3/3
     0 | D:1      | 0 ||| qw: Version: 0.3-a-155-g5e7d8dd
     0 | D:1      | 0 ||| qw: Game counter: 1703
     0 | D:1      | 0 ||| qw: Melee chars always use a shield: true
     0 | D:1      | 0 ||| qw: God list: Okawaru
     0 | D:1      | 0 ||| qw: Allow faded altars: false
     0 | D:1      | 0 ||| qw: Do Orc after clearing Dungeon:15 true
     0 | D:1      | 0 ||| qw: Do second Lair branch before Depths: true
     0 | D:1      | 0 ||| qw: Lair rune preference: random
     0 | D:1      | 0 ||| qw: Goals: Normal
     0 | D:1      | 0 ||| PLANNING D:1-11
   111 | D:1      | Reached skill level 6 in Ranged Weapons
   111 | D:1      | Reached XP level 2. HP: 16/16 MP: 4/4
   173 | D:1      | Found Aqero's General Store.
   197 | D:1      | 197 ||| SHOPLISTING +0 ring mail (56 gold, have 31).
   197 | D:1      | 197 ||| SHOPLISTING +2 robe (177 gold, have 31).
   197 | D:1      | 197 ||| SHOPLISTING potion of cancellation (112 gold, have
                  | 31).
   197 | D:1      | 197 ||| SHOPLISTING wand of paralysis (5) (168 gold, have
                  | 31).
   401 | D:1      | Reached XP level 3. HP: 20/20 MP: 5/5
   535 | D:1      | 535 ||| UPGRADING to +0 scale mail.
   545 | D:1      | 545 ||| DROPPING +0 leather armour.
   546 | D:1      | 546 ||| DROPPING ring of flight.
   547 | D:1      | 547 ||| READING 2 scrolls labelled HEUTZA YDIFFE.
   547 | D:1      | 547 ||| IDENTIFYING sapphire potion
   548 | D:1      | 548 ||| READING scroll of identify.
   548 | D:1      | 548 ||| IDENTIFYING scroll labelled GOUZIJE CUGUCW
   549 | D:1      | 549 ||| DROPPING scroll of butterflies.
   550 | D:1      | 550 ||| DROPPING scroll of blinking.
   598 | D:2      | Noticed Robin
   609 | D:2      | HP: 3/20 [goblin/+0 club[Robin] (3)]
   609 | D:2      | HP: 1/20 [Robin/+0 dagger (2)]
   610 | D:2      | Reached skill level 7 in Ranged Weapons
   611 | D:2      | Slain by a goblin

Levels and vault maps discovered:
D:1:      heliophobic_arrival_henge, layout_rooms, serial_shops, shop,
          minmay_stone_trees_medium
D:2:      layout_basic, chequers_serial_rivers_micro_c, uniq_robin

Skill      XL: |  1  2  3 |
---------------+----------+-----
Ranged Weapons | 6 7 |  7.0
Fighting       | |  1.5
Dodging        | |  2.4
Stealth        | |  1.2

Action                     || total
---------------------------++-------
   Fire: Shortbow          ||    98
    Use: Scroll            ||     2
 Armour: Leather armour    ||    10
         Scale mail        ||    21
  Dodge: Dodged            ||    39

Table legend:
 A = Non-vault XP
 B = Vault XP
 C = Vault XP percentage of total XP
 D = Non-vault monster count
 E = Vault monster count
 F = Vault count percentage of total count
                 A         B        C        D         E       F
            +---------+---------+-------+---------+---------+-------
      Total |      48 |      16 |  25.0 |      28 |       8 |  22.2
            +---------+---------+-------+---------+---------+-------
        D:1 |      45 |       0 |   0.0 |      26 |       0 |   0.0
        D:2 |       3 |      16 |  84.2 |       2 |       8 |  80.0
            +---------+---------+-------+---------+---------+-------
